 Dungeon Crawl Stone Soup version 0.14-a0-1773-ge500af7 (webtiles) character file.

126 HollowCharge the Skirmisher (level 3, -1/24 HPs)
             Began as a Tengu Fighter on Jan 6, 2014.
             Slain by Zuul's ghost (5 damage)
             ... on Level 3 of the Dungeon.
             The game lasted 00:09:25 (1713 turns).

HollowCharge the Skirmisher (Tengu Fighter)         Turns: 1713, Time: 00:09:26

HP  -1/24        AC  8     Str 16      XL: 3   Next: 85%
MP   4/4         EV  6     Int  8      God:
Gold 74          SH 18     Dex 14      Spells:  0 memorised,  2 levels left

rFire  . . .     SeeInvis .     a - +0 falchion (curse)
rCold  + . .     Clarity  .     b - +0 scale mail
rNeg   . . .     Conserve .     c - +0 shield
rPois  .         rCorr    .     (helmet restricted)
rElec  .         rRot     .     (no cloak)
SustAb . .       Spirit   .     i - +0 pair of orc gloves
rMut   .         Warding  .     (boots unavailable)
Saprov . . .     Stasis   .     (no amulet)
                                (no ring)
                                r - ring of protection from cold

@: not resistant to hostile enchantments, extremely unstealthy
A: beak, talons 3
a: no special abilities


You were on level 3 of the Dungeon.
You were very hungry.

You visited 1 branch of the dungeon, and saw 4 of its levels.

You collected 74 gold pieces.

Inventory:

Hand weapons
 a - a cursed +0,+0 falchion (weapon)
Armour
 b - a +0 scale mail (worn)
 c - a +0 shield (worn)
 i - a +0 pair of orcish gloves (worn)
 u - a +1 ring mail
Comestibles
 d - 4 bread rations
 f - an orange
 g - 12 strawberries
 v - a meat ration
 w - 2 chunks of hobgoblin flesh
Scrolls
 o - a scroll of immolation {unknown}
 p - a scroll of magic mapping {unknown}
 q - 2 scrolls of teleportation {unknown}
Jewellery
 e - an uncursed ring of regeneration
 k - an uncursed ring of ice
 r - a ring of protection from cold (left hand)
Potions
 h - a potion of curing {unknown}
 j - a potion of brilliance {unknown}
 l - 2 potions of heal wounds {unknown}
 m - a potion of poison {unknown}
 n - a potion of flight {unknown}
 t - a potion of confusion {unknown}
Books
 s - a book of Death

   Spells                             Type                      Level
   Corpse Rot                         Necromancy                   2
   Sublimation of Blood               Necromancy                   2
   Agony                              Necromancy                   5
   Dispel Undead                      Necromancy                   5
   Excruciating Wounds                Charms/Necromancy            5
   Bolt of Draining                   Conjuration/Necromancy       5


   Skills:
 * Level 3.7 Fighting
 * Level 2.9 Long Blades
 + Level 3.5 Armour
 + Level 1.0 Dodging
 + Level 3.1 Shields


You had 2 spell levels left.
You didn't know any spells.

Dungeon Overview and Level Annotations

Branches:
Dungeon (4/16)
 Temple: D:4-7

Altars:

Annotations:
D:3 Sigmund; Zuul's ghost, weakling DsFE
D:4 BlessedChild's ghost, average MiFi


Innate Abilities, Weirdness & Mutations

You have a beak for a mouth.
You have claws for feet.


Message History

There is an open door here.
Zuul's ghost emits a jet of flame.
The flame hits you!
There is an open door here.
You miss Zuul's ghost.
Zuul's ghost emits a jet of flame.
The flame misses you. Zuul's ghost completely misses you.
You miss Zuul's ghost.
You claw Zuul's ghost, but do no damage.
Your peck misses Zuul's ghost. Zuul's ghost hits you.
You are feeling very hungry.
You closely miss Zuul's ghost.
Zuul's ghost emits a jet of flame.
The flame hits you!
* * * LOW HITPOINT WARNING * * *
You hit Zuul's ghost.
You peck Zuul's ghost, but do no damage.
Zuul's ghost is moderately damaged.
Zuul's ghost hits you.
You die...

#......###.#..#######
#................%...
####+#p#####...######
#.#.#####...#
#.#.#.......# #.#.#.#
#..######
#.#.#.#.##........
#.#.#.#......###..
#####@#.#.#..#.#.###.#
#.....p^.....#.#.....#
#.......#.####.......#
#.......#............#
#####...##############
##### # # # #


You could see Zuul's ghost.

Vanquished Creatures
  An adder (D:2)
  An inept feature mimic (D:3)
  A worm (D:2)
  An ooze (D:1)
  A ball python (D:1)
  9 bats
  A giant cockroach (D:3)
  4 goblins
  2 hobgoblins
  2 giant newts (D:2)
  6 kobolds
  3 rats
32 creatures vanquished.

Notes
Turn   | Place    | Note
--------------------------------------------------------------
     0 | D:1      | HollowCharge, the Tengu Fighter, began the quest for the Orb.
     0 | D:1      | Reached XP level 1. HP: 14/14 MP: 1/1
   592 | D:1      | Reached XP level 2. HP: 19/19 MP: 3/3
  1149 | D:2      | Reached skill level 1 in Dodging
  1149 | D:2      | Reached XP level 3. HP: 23/23 MP: 4/4
  1442 | D:3      | Noticed Sigmund
  1527 | D:4      | Noticed BlessedChild's ghost (average MiFi)
  1693 | D:3      | Noticed Zuul's ghost (weakling DsFE)
  1713 | D:3      | Slain by Zuul's ghost

Action                   || total
-------------------------++-------
Melee: Falchion          ||    77
  Use: Scroll            ||     5
